 Dungeon Crawl Stone Soup version 0.28.0 (webtiles) character file.

Game seed: 6674698408910737780

126 croobank the Firebug (level 4, -1/33 HPs)
             Began as a Draconian Fire Elementalist on Feb 19, 2022.
             Killed from afar by an orc wizard (4 damage)
             ... with a puff of flame
             ... on level 3 of the Dungeon.
             The game lasted 00:11:58 (2135 turns).

croobank the Firebug (Draconian Fire Elementalist)  Turns: 2135, Time: 00:12:02

Health: -1/33      AC:  7    Str: 10    XL:     4   Next: 84%
Magic:  0/8        EV: 12    Int: 18    God:
Gold:   55         SH:  0    Dex: 11    Spells: 5/8 levels left

rFire   . . .      SeeInvis .   e - +4 dagger
rCold   . . .      Faith    .   (no shield)
rNeg    . . .      Spirit   .   (armour unavailable)
rPois   .          Reflect  .   f - +2 hat
rElec   .          Harm     .   (no cloak)
rCorr   .          Rampage  .   (no gloves)
Will    .....                   (no boots)
Stlth   ++........              (no amulet)
HPRegen 0.11/turn               (no ring)
MPRegen 0.11/turn               (no ring)

@: no status effects
A: AC +5, unfitting armour, cold-blooded
a: no special abilities


You were on level 3 of the Dungeon.
You visited 1 branch of the dungeon, and saw 3 of its levels.

You collected 55 gold pieces.

Inventory:

Hand Weapons
 e - a +4 dagger (weapon)
Missiles
 a - 20 arrows
 d - 12 poisoned darts
 l - 37 stones
Armour
 f - a +2 hat (worn)


   Skills:
 + Level 2.5 Dodging
 + Level 2.6 Stealth
 + Level 2.7 Spellcasting
 + Level 2.1 Conjurations
 + Level 3.6 Fire Magic


You had 5 spell levels left.
You knew the following spells:

 Your Spells              Type           Power      Damage    Failure   Level
a - Foxfire               Conj/Fire      48%        2x1d6     4%          1
b - Scorch                Fire           30%        2d7       5%          2

Your spell library contained the following spells:

 Spells                   Type           Power      Damage    Failure   Level
 Conjure Flame            Conj/Fire      12%        6-21      16%         3
 Inner Flame              Hex/Fire       9%         N/A       24%         3
 Tukima's Dance           Hex            2%         N/A       45%         3
 Flame Wave               Conj/Fire      12%        2d6       45%         4
 Passage of Golubria      Tloc           2%         N/A       86%         4
 Yara's Violent Unravell  Hex/Tmut       1%         3d3       99%         5


Dungeon Overview and Level Annotations

Branches:
Dungeon (3/15)

Altars:

Annotations:
D:2 1 runed translucent door, Crazy Yiuf
D:3 Grinder, Robin


Innate Abilities, Weirdness & Mutations

Your plain brown scales are hard. (AC +5)
You cannot fit into any form of body armour.
You are cold-blooded and may be slowed by cold attacks.


Message History

The orc wizard hits you with a +0 dagger.
You closely miss the orc wizard.
You tail-slap the orc wizard, but do no damage.
The orc wizard is moderately wounded.
The orc wizard hits you but does no damage.
You hit the orc wizard but do no damage.
The orc wizard is moderately wounded.
The orc wizard hits you but does no damage.
You hit the orc wizard but do no damage.
Your tail-slap misses the orc wizard.
The orc wizard is moderately wounded.
The orc wizard hits you with a +0 dagger.
You hit the orc wizard.
Your tail-slap misses the orc wizard.
You punch the orc wizard, but do no damage.
The orc wizard is severely wounded.
The orc wizard barely misses you.
You barely miss the orc wizard.
The orc wizard is severely wounded.
The orc wizard hits you with a +0 dagger.
* * * LOW HITPOINT WARNING * * *
Casting: Scorch (safe; 5% risk of failure)
Confirm with . or Enter, or press ? or * to list all spells.
Flames lash the orc wizard.
The orc wizard is severely wounded.
The orc wizard's fire resistance burns away.
The orc wizard casts a spell at you. The puff of flame hits you.
* * * LOW HITPOINT WARNING * * *
Casting: Scorch (safe; 5% risk of failure)
Confirm with . or Enter, or press ? or * to list all spells.
You conjure some foxfire!
The orc wizard is no longer more vulnerable to fire.
The orc wizard hits you but does no damage.
The foxfire hits the orc wizard but does no damage.
The orc wizard is severely wounded.
The foxfire hits the orc wizard.
The orc wizard is almost dead.
The orc wizard casts a spell at you. The puff of flame hits you.
You die...

### ### #.# ######.#
#######.# #......#
#.......########o####.#
#.#####..[[...@.....#v#
#.# #.########ยง...#.#
#.###################.####
#.#)...o....g.)))...#.##.#
#.#.#...g{#########.#..).#
###.#,#...Z)# #.#..#)#
....#,#..).Z##### #.#..#)#
###.#.#.........##*
#.####)#
...........g.....>*
#......#


You could see an orc wizard.

Vanquished Creatures
  A hound (D:3)
  A bullfrog skeleton (D:3)
  4 dart slugs
  2 orcs (D:3)
  6 bats
  6 endoplasms
  3 giant cockroaches
  12 goblins
  4 hobgoblins
  A quokka (D:2)
  3 ball pythons (D:1)
  4 frilled lizards
  5 kobolds
  5 rats
57 creatures vanquished.

Vanquished Creatures (others)
  93 foxfires
93 creatures vanquished.

Grand Total: 150 creatures vanquished

Notes
Turn   | Place    | Note
-------+----------+-------------------------------------------
     0 | D:1      | croobank the Draconian Fire Elementalist began the quest
                  | for the Orb.
     0 | D:1      | Reached XP level 1. HP: 14/14 MP: 3/3
   104 | D:1      | Reached XP level 2. HP: 17/20 MP: 0/5
   756 | D:1      | Found a faded altar of an unknown god.
   845 | D:2      | Learned a level 2 spell: Scorch
   854 | D:2      | Reached XP level 3. HP: 26/26 MP: 3/6
  1085 | D:2      | Found a runed translucent door.
  1086 | D:2      | Noticed Crazy Yiuf
  1450 | D:3      | Noticed Robin
  1489 | D:3      | Reached XP level 4. HP: 25/33 MP: 0/7
  1500 | D:3      | Noticed Grinder
  2135 | D:3      | Killed from afar by an orc wizard

Illustrated notes

Levels and vault maps discovered:
D:1:      minmay_arrival_four_loops, layout_rooms,
          hellmonk_ecumenical_altar_prayer_group, minmay_bisected
D:2:      layout_rooms, lemuel_old_faithful, uniq_crazy_yiuf_cottage
D:3:      layout_basic, uniq_grinder, uniq_robin

Skill      XL: |  1  2  3  4 |
---------------+-------------+-----
Stealth        | 2 |  2.6
Dodging        | 2 |  2.5
Conjurations   | 2 |  2.1
Spellcasting   | |  2.7
Fire Magic     | |  3.6

Action                   |  1- 3 |  4- 6 || total
-------------------------+-------+-------++-------
Melee: Unarmed           |    20 |       ||    20
       Tailslap          |     5 |     4 ||     9
       Dagger            |    14 |    23 ||    37
       Punch             |       |     1 ||     1
 Cast: Foxfire           |    49 |    16 ||    65
       Scorch            |     2 |     4 ||     6
  Use: Scroll            |       |     7 ||     7
       Potion            |       |     1 ||     1
Armor: Skin              |    29 |    10 ||    39
Dodge: Dodged            |    35 |    22 ||    57
